 Dungeon Sprint DCSS version 0.21-a0-279-g6037ffb (webtiles) character file.

1731 Kidiri the Thaumaturge (level 8, -13/47 (48) HPs)
             Began as a Deep Elf Fire Elementalist on Sept 23, 2017.
             Was a Priest of Vehumet.
             Killed from afar by Erolcha (31 damage)
             ... with a stone arrow
             ... in the Dungeon (Sprint III: "The Ten Rune Challenge").
             The game lasted 00:08:21 (1436 turns).

Kidiri the Thaumaturge (Deep Elf Fire Elementalist) Turns: 1436, Time: 00:08:22

HP:   -13/47 (48)   AC:  2    Str:  5    XL:     8   Next: 76%
MP:   17/25         EV: 17    Int: 23    God:    Vehumet [***...]
Gold: 52            SH:  0    Dex: 15    Spells: 10/35 levels left

rFire    . . .     SeeInvis .   k - +0 dagger
rCold    . . .     Gourm    .   (no shield)
rNeg     . . .     Faith    .   a - +0 robe
rPois    .         Spirit   .   (no helmet)
rElec    .         Reflect  .   (no cloak)
rCorr    .         Harm     .   (no gloves)
MR       .....     NoTele   +   (no boots)
Stlth    ++........             (no amulet)
HPRegen  0.15/turn              (no ring)
MPRegen  0.19/turn              (no ring)

@: no status effects
A: claws 1, blurry vision 1, low mp 1
a: Renounce Religion


You were in the Dungeon.
You worshipped Vehumet.
Vehumet was most pleased with you.
You were hungry.

You visited 1 branch You collected 52 gold pieces.

Inventory:

Hand Weapons
 k - a +0 dagger (weapon)
Armour
 a - a +0 robe (worn)
Scrolls
 i - a scroll of blinking
 l - a scroll of holy word
 n - 3 scrolls of remove curse
 q - a scroll of immolation
Potions
 d - 4 potions of curing
 e - a potion of heal wounds
 f - a potion of haste
 g - 3 potions of magic
 h - a potion of berserk rage
 p - 3 potions of ambrosia
 s - a potion of might
Books
 b - a book of Flames

   Spells                             Type                      Level
   a - Flame Tongue                   Conjuration/Fire             1
   b - Throw Flame                    Conjuration/Fire             2
   c - Conjure Flame                  Conjuration/Fire             3
   d - Inner Flame                    Hexes/Fire                   3
   e - Sticky Flame                   Conjuration/Fire             4
   f - Fireball                       Conjuration/Fire             5
 m - a book of Conjurations

   Spells                             Type                      Level
   a - Magic Dart                     Conjuration                  1
   b - Searing Ray                    Conjuration                  2
   c - Dazzling Spray                 Conjuration/Hexes            3
   d - Fulminant Prism                Conjuration/Hexes            4
   e - Force Lance                    Conjuration/Translocation    4
   f - Iskenderun's Mystic Blast      Conjuration                  4
Comestibles
 c - a bread ration
 o - 2 royal jellies
 r - 2 fruits


   Skills:
 + Level 4.9 Fighting
 + Level 5.9 Short Blades
 + Level 4.8 Armour
 + Level 7.7 Dodging
 - Level 2.4 Stealth
 * Level 14.0 Spellcasting
 + Level 8.5 Conjurations
 + Level 9.1 Fire Magic
 + Level 0.0 Ice Magic
 + Level 1.5 Poison Magic


You had 10 spell levels left.
You knew the following spells:

 Your Spells              Type           Power        Failure   Level  Hunger
a - Flame Tongue          Conj/Fire      #####        1%          1    None
b - Throw Flame           Conj/Fire      ######       1%          2    None
c - Conjure Flame         Conj/Fire      ######..     1%          3    None
d - Inner Flame           Hex/Fire       #####...     1%          3    None
e - Sticky Flame          Conj/Fire      ######..     1%          4    None
f - Fireball              Conj/Fire      ######....   1%          5    ###....
g - Ignite Poison         Fire/Tmut/Pois ####....     1%          3    None
h - Throw Icicle          Conj/Ice       #####...     1%          4    None


Dungeon Overview and Level Annotations

Branches:
Dungeon (1/1)

Altars:
Cheibriados
Dithmenos
Elyvilon
Fedhas
Gozag
Hepliaklqana
Kikubaaqudgha
Makhleb
Nemelex Xobeh
Okawaru
Qazlal
Ru
Sif Muna
Trog
Uskayaw
Vehumet
Wu Jian
Xom
Yredelemnul
Zin
The Shining One
Beogh
Jiyva
Lugonu

Annotations:
D exclusion: door, Erolcha


Innate Abilities, Weirdness & Mutations

You have sharp fingernails.
Scrolls take you a little longer to read.
Your magical capacity is low. (-10% MP)


Message History

Aim: Erolcha, wielding a giant spiked club and wearing a robe (flame, lightly wounded)
The sticky flame hits Erolcha.
Erolcha is moderately wounded.
Erolcha is covered in liquid flames!
Erolcha burns!
The two-headed ogre moves out of view.
Erolcha is engulfed in blazing flames.
Erolcha casts a spell at you. The bolt of lightning hits you!
Ouch! That really hurt!
Casting: Sticky Flame
Confirm with . or Enter, or press ? or * to list all spells.
Aiming: Flame Tongue
Press: ? - help, Shift-Dir - straight line, f/p - Erolcha
Aim: Erolcha, wielding a giant spiked club and wearing a robe (flame, severely wounded, covered in liquid flames)
The flame tongue hits Erolcha.
Erolcha appears unharmed.
Erolcha is severely wounded.
Erolcha burns!
Erolcha is engulfed in blazing flames.
Erolcha gestures at you while chanting. The stone arrow hits you!
Ouch! That really hurt!
You die...

__# ._# +## ..#
..# #'#
..#+##############
..#....#.#.#.....#
..##.#..#.##.###@#
.)'##.#.#.##)#.O##
..#...#..#..##.O
▓▓▓▓▓▓▓▓▓▓▓▓▓▓▓▓


You could see a two-headed ogre and Erolcha (burning).

Vanquished Creatures
  A deep elf mage (D)
  A shadow (D)
  A spatial vortex (D)
  A necrophage (D)
  4 two-headed ogres (D)
  A water elemental (D)
  A jelly (D)
  A wizard (D)
  Jessica (D)
  A necromancer (D)
  3 humans (D)
  A kobold demonologist (D)
  A wolf (D)
  An ooze (D)
  2 rats (D)
21 creatures vanquished.

Vanquished Creatures (others)
  2 draconian scorchers (D)
  6 hellions (D)
  2 yaktaurs (D)
10 creatures vanquished.

Grand Total: 31 creatures vanquished

Notes
Turn   | Place    | Note
-------+----------+-------------------------------------------
     0 | D        | Kidiri the Deep Elf Fire Elementalist began the quest for the Orb.
     0 | D        | Reached XP level 1. HP: 10/10 MP: 6/6
    20 | D        | Reached skill level 4 in Spellcasting
   107 | D        | Killed a hellion
   107 | D        | Killed a hellion
   111 | D        | Killed a hellion
   114 | D        | Killed a hellion
   114 | D        | Killed a hellion
   134 | D        | Noticed Jessica
   138 | D        | Killed Jessica
   138 | D        | Reached skill level 6 in Spellcasting
   138 | D        | Reached XP level 2. HP: 15/15 MP: 4/11
   138 | D        | Reached XP level 3. HP: 19/19 MP: 4/12
   143 | D        | Learned a level 2 spell: Throw Flame
   147 | D        | Learned a level 3 spell: Conjure Flame
   151 | D        | Learned a level 3 spell: Inner Flame
   156 | D        | Killed a white draconian scorcher
   162 | D        | Killed a white draconian scorcher
   169 | D        | Killed a yaktaur
   222 | D        | Reached skill level 7 in Spellcasting
   222 | D        | Reached skill level 5 in Fire Magic
   246 | D        | Gained mutation: You are somewhat resistant to further mutation. [potion of mutation]
   248 | D        | Lost mutation: You are somewhat resistant to further mutation. [potion of mutation]
   248 | D        | Gained mutation: You have a pair of small horns on your head. [potion of mutation]
   248 | D        | Gained mutation: You expend magic power (3 MP) to strengthen your wands. [potion of mutation]
   248 | D        | Gained mutation: You have a pair of horns on your head. [potion of mutation]
   249 | D        | Lost mutation: You expend magic power (3 MP) to strengthen your wands. [potion of mutation]
   249 | D        | Lost mutation: You have a pair of horns on your head. [potion of mutation]
   249 | D        | Lost mutation: You have a pair of small horns on your head. [potion of mutation]
   249 | D        | Gained mutation: Your magical capacity is low. (-10% MP) [potion of mutation]
   249 | D        | Gained mutation: Scrolls take you a little longer to read. [potion of mutation]
   249 | D        | Gained mutation: You have sharp fingernails. [potion of mutation]
   311 | D        | Noticed a water elemental
   314 | D        | Killed a water elemental
   314 | D        | Reached skill level 9 in Spellcasting
   314 | D        | Reached skill level 5 in Conjurations
   314 | D        | Reached XP level 4. HP: 24/24 MP: 7/15
   321 | D        | Learned a level 4 spell: Sticky Flame
   340 | D        | Killed a yaktaur
   368 | D        | Found a radiant altar of Vehumet.
   369 | D        | Found a deep blue altar of Sif Muna.
   369 | D        | Found an ancient bone altar of Kikubaaqudgha.
   369 | D        | Noticed a wizard
   370 | D        | Paralysed by a wizard for 3 turns
   374 | D        | Killed a wizard
   374 | D        | Reached XP level 5. HP: 20/28 MP: 7/17
   375 | D        | Reached skill level 1 in Fighting
   375 | D        | Reached skill level 1 in Short Blades
   375 | D        | Reached skill level 1 in Armour
   388 | D        | Learned a level 5 spell: Fireball
   391 | D        | Became a worshipper of Vehumet
   401 | D        | Killed a hellion
   480 | D        | Found a glowing silver altar of Zin.
   481 | D        | Found a glowing golden altar of the Shining One.
   481 | D        | Found a white marble altar of Elyvilon.
   481 | D        | Noticed a deep elf mage
   492 | D        | Killed a deep elf mage
   492 | D        | Reached skill level 5 in Dodging
   492 | D        | Reached skill level 12 in Spellcasting
   492 | D        | Reached XP level 6. HP: 25/37 MP: 8/20
   492 | D        | Reached XP level 7. HP: 28/41 MP: 8/22
   590 | D        | Found an ornate altar of the Wu Jian Council.
   590 | D        | Found a roughly hewn altar of Beogh.
   590 | D        | Found an iron altar of Okawaru.
   590 | D        | Found a bloodstained altar of Trog.
   590 | D        | Found a hide-covered altar of Uskayaw.
   590 | D        | Noticed a human
   592 | D        | Noticed a human
   598 | D        | Killed a human
   603 | D        | Killed a human
   603 | D        | Reached * piety under Vehumet
   603 | D        | Offered knowledge of Sting by Vehumet.
   724 | D        | Found a basalt altar of Yredelemnul.
   724 | D        | Found a shadowy altar of Dithmenos.
   724 | D        | Found a sacrificial altar of Ru.
   798 | D        | Noticed a shadow
   800 | D        | Killed a shadow
   800 | D        | Offered knowledge of Sandblast by Vehumet.
   800 | D        | Reached ** piety under Vehumet
   800 | D        | Reached skill level 5 in Short Blades
   800 | D        | Reached skill level 13 in Spellcasting
   800 | D        | Reached XP level 8. HP: 47/47 MP: 17/24
   832 | D        | Found a blossoming altar of Fedhas.
   832 | D        | Found a stormy altar of Qazlal.
   832 | D        | Found a snail-covered altar of Cheibriados.
   832 | D        | Found a burning altar of Makhleb.
   832 | D        | Found a shimmering altar of Xom.
   833 | D        | Found a hazy altar of Hepliaklqana.
   833 | D        | Found an opulent altar of Gozag.
   833 | D        | Found a sparkling altar of Nemelex Xobeh.
   833 | D        | Found a corrupted altar of Lugonu.
   833 | D        | Found a viscous altar of Jiyva.
   970 | D        | Offered knowledge of Ignite Poison by Vehumet.
  1006 | D        | Reached *** piety under Vehumet
  1015 | D        | Learned a level 3 spell: Ignite Poison
  1121 | D        | Noticed a two-headed ogre
  1126 | D        | HP: 2/47 [two-headed ogre/giant club (25)]
  1127 | D        | Killed a two-headed ogre
  1127 | D        | Offered knowledge of Throw Icicle by Vehumet.
  1127 | D        | Reached skill level 14 in Spellcasting
  1127 | D        | Reached skill level 1 in Poison Magic
  1133 | D        | Learned a level 4 spell: Throw Icicle
  1432 | D        | Noticed Erolcha
  1434 | D        | Noticed a two-headed ogre
  1436 | D        | Killed from afar by Erolcha

Vault maps used:
D:        dungeon_sprint_mu

Skill      XL: |  1  2  3  4  5  6  7  8 |
---------------+-------------------------+-----
Spellcasting   | 6 9 12 13 14 | 14.0
Conjurations   | 3 5 7 8 |  8.5
Fire Magic     | 4 6 7 8 9 |  9.1
Fighting       | 3 4 |  4.9
Short Blades   | 3 5 |  5.9
Armour         | 3 4 |  4.8
Dodging        | 5 6 7 |  7.7
Poison Magic   | 1 |  1.5
Stealth        | |  2.4

Action                   |  1- 3 |  4- 6 |  7- 9 || total
-------------------------+-------+-------+-------++-------
Melee: Dagger            |       |     1 |     1 ||     2
 Cast: Flame Tongue      |    19 |     2 |    52 ||    73
       Throw Flame       |     2 |       |       ||     2
       Conjure Flame     |     1 |       |     7 ||     8
       Sticky Flame      |       |     4 |     7 ||    11
       Inner Flame       |       |       |     3 ||     3
  Use: Potion            |     4 |       |       ||     4
       Scroll            |     3 |       |       ||     3
 Stab: Sleeping          |       |     1 |       ||     1
  Eat: Chunk             |       |       |     1 ||     1
Dodge: Dodged            |     1 |     2 |    15 ||    18

Table legend:
 A = Spawn XP
 B = Non-spawn XP
 C = Spawn XP percentage of total XP
 D = Spawn monster count
 E = Non-spawn monster count
 F = Spawn count percentage of total count
 G = Total turns spent on level
                    A         B        C        D         E        F      G
               +---------+---------+-------+---------+---------+-------+---------
         Total |       0 |    2474 |   0.0 |       0 |      21 |   0.0 |  1436
               +---------+---------+-------+---------+---------+-------+---------
             D |       0 |    2474 |   0.0 |       0 |      21 |   0.0 |  1436
               +---------+---------+-------+---------+---------+-------+---------
